 Dungeon Sprint DCSS version 0.30-a0-722-g3e6e8c874d (webtiles) character file.

Game seed: 5379019610918447525

345 BigDaddyOpFi the Cleaver (level 6, -7/93 HPs)
             Began as a Hill Orc Cinder Acolyte on Jan 27, 2023.
             Was a Follower of Qazlal.
             Mangled by a fire elemental (11 damage)
             ... created by the fiery vengeance of Ignis
             ... in the Dungeon (Sprint VII: "The Pits").
             The game lasted 00:01:33 (299 turns).

BigDaddyOpFi the Cleaver (Hill Orc Cinder Acolyte)   Turns: 299, Time: 00:01:34

Health: -7/93      AC:  2    Str: 19    XL:     6   Next: 58%
Magic:  13/13      EV: 11    Int: 14    God:    Qazlal [*.....]
Gold:   0          SH:  1    Dex:  6    Spells: 15/15 levels left

rFire   . . .      SeeInvis .    j - +2 hand axe
rCold   . . .      Faith    .    (no shield)
rNeg    . . .      Spirit   .    b - +0 robe
rPois   .          Reflect  .    (no helmet)
rElec   .          Harm     .    (no cloak)
rCorr   .          Rampage  .    (no gloves)
Will    .....      NoTele   +    (no boots) Stlth
                                 (no amulet)
HPRegen 0.35/turn                (no ring)
MPRegen 0.13/turn                (no ring)

@: berserking, fire susceptible, very quick
A: no striking features
a: Renounce Religion


You were in the Dungeon.
You worshipped Qazlal.
Qazlal was aware of your devotion.
You visited 1 branch

Inventory:

Hand Weapons
 a - a -1 hand axe of flaming
 j - a +2 hand axe (weapon)
Armour
 b - a +0 robe (worn)
Potions
 c - a potion of curing
 d - a potion of heal wounds
 e - a potion of haste
 f - 4 potions of magic
 g - 2 potions of berserk rage
 i - 2 potions of invisibility


   Skills:
 + Level 8.9 Fighting
 + Level 9.7 Axes
 + Level 5.1 Spellcasting
 + Level 8.1 Fire Magic


You had 15 spell levels left.
You didn't know any spells.
Your spell library contained the following spells:

 Spells                   Type           Power      Damage    Failure   Level
 Scorch                   Fire           52%        2d7       1%          2


Dungeon Overview and Level Annotations

Branches:
Dungeon (1/1)

Altars:
Ashenzari
Cheibriados
Dithmenos
Elyvilon
Fedhas
Gozag
Hepliaklqana
Kikubaaqudgha
Makhleb
Nemelex Xobeh
Okawaru
Qazlal
Ru
Sif Muna
Trog
Uskayaw
Vehumet
Wu Jian
Xom
Yredelemnul
Zin
The Shining One
Beogh
Jiyva
Lugonu


Message History

The fire elemental hits you. The fire elemental burns you!
* * * LOW HITPOINT WARNING * * *
There is an open door here.
You see here a frilled lizard corpse.
You barely miss the fire elemental. The fire elemental barely misses you.
You hit the fire elemental.
The fire elemental is lightly damaged.
The fire elemental closely misses you.
You slash the fire elemental!
The fire elemental is moderately damaged.
You barely miss the fire elemental.
The fire elemental is moderately damaged.
The fire elemental barely misses you.
You slash the fire elemental!
The fire elemental is heavily damaged.
The fire elemental barely misses you.
You slash the fire elemental!
The fire elemental is heavily damaged.
You closely miss the fire elemental.
The fire elemental is heavily damaged.
The fire elemental barely misses you.
You slice the fire elemental!!
You destroy the fire elemental!
That felt strangely unrewarding.
You slash the fire elemental!
The fire elemental is moderately damaged.
The fire elemental hits you. The fire elemental burns you!
* * * LOW HITPOINT WARNING * * *
You slash the fire elemental!
The fire elemental is severely damaged.
You barely miss the fire elemental.
The fire elemental is severely damaged.
The fire elemental hits you.
* * * LOW HITPOINT WARNING * * *
The fire elemental burns you!
* * * LOW HITPOINT WARNING * * *
You hit the fire elemental.
The fire elemental is almost destroyed.
The fire elemental hits you. The fire elemental burns you!
You die...

############
#_________.#
#_________.#
#_______...###########++
##########'##...........
#.?(.')))'.##......#..#.
##########.##...........
#..........)'...........
#+#####@#####......#..#.
#...#E# #...........
#..○#○# ####'#####++
#.☼○).# #.......#
##+#### #.......#
#.......# #...<...#
#.......# #.......#


You could see a fire elemental.

Vanquished Creatures
  A fire elemental (D)
  Eustachio (D)
  A redback (D)
  A scorpion (D)
  2 gnolls (D)
  An orc (D)
  A frilled lizard (D)
8 creatures vanquished.

Vanquished Creatures (others)
  56 foxfires (D)
56 creatures vanquished.

Grand Total: 64 creatures vanquished

Notes
Turn   | Place    | Note
-------+----------+-------------------------------------------
     0 | D        | BigDaddyOpFi the Hill Orc Cinder Acolyte began the quest
                  | for the Orb.
     0 | D        | Reached XP level 1. HP: 19/19 MP: 2/2
    25 | D        | Noticed a redback
    26 | D        | Noticed Eustachio
    30 | D        | Killed a redback
    31 | D        | Reached skill level 7 in Axes
    31 | D        | Reached XP level 2. HP: 31/31 MP: 2/6
    31 | D        | Reached XP level 3. HP: 38/38 MP: 2/8
    31 | D        | Reached XP level 4. HP: 45/45 MP: 2/9
    31 | D        | Reached XP level 5. HP: 51/51 MP: 2/10
    38 | D        | Killed Eustachio
    39 | D        | Reached skill level 9 in Axes
    39 | D        | Reached XP level 6. HP: 61/61 MP: 2/13
   189 | D        | Found a bloodstained altar of Trog.
   189 | D        | Found a shimmering blue altar of Sif Muna.
   189 | D        | Found a viscous altar of Jiyva.
   189 | D        | Found a hazy altar of Hepliaklqana.
   189 | D        | Found an opulent altar of Gozag.
   190 | D        | Found a glowing golden altar of the Shining One.
   190 | D        | Found a glowing silver altar of Zin.
   190 | D        | Found a basalt altar of Yredelemnul.
   190 | D        | Found a shimmering altar of Xom.
   190 | D        | Found an ornate altar of the Wu Jian Council.
   190 | D        | Found a sacrificial altar of Ru.
   190 | D        | Found a stormy altar of Qazlal.
   190 | D        | Found an iron altar of Okawaru.
   190 | D        | Found a sparkling altar of Nemelex Xobeh.
   190 | D        | Found a burning altar of Makhleb.
   190 | D        | Found a blossoming altar of Fedhas.
   190 | D        | Found a white marble altar of Elyvilon.
   190 | D        | Found a shadowy altar of Dithmenos.
   190 | D        | Found a snail-covered altar of Cheibriados.
   211 | D        | Found a radiant altar of Vehumet.
   211 | D        | Found a corrupted altar of Lugonu.
   211 | D        | Found a roughly hewn altar of Beogh.
   212 | D        | Found a hide-covered altar of Uskayaw.
   212 | D        | Found an ancient bone altar of Kikubaaqudgha.
   212 | D        | Found a broken altar of Ashenzari.
   218 | D        | Fell from the grace of Ignis
   218 | D        | Became a worshipper of Qazlal Stormbringer
   252 | D        | Reached * piety under Qazlal
   253 | D        | Reached skill level 5 in Spellcasting
   283 | D        | Noticed a fire elemental
   283 | D        | Noticed a fire elemental
   295 | D        | Killed a fire elemental
   298 | D        | HP: 4/93 [fire elemental[the fiery vengeance of Ignis]
                  | (10)]
   299 | D        | Mangled by a fire elemental

Illustrated notes

Levels and vault maps discovered:
D:        pitsprint [storerooms_1, entrance_room_1, metal_vault_1, armoury_1,
          mini_pit_1, grid_room_1, main_hall_1, silver_pit, the_coven_2,
          the_vestibule_1, steel_vault_5, golden_pit, hallway_of_sentries,
          crystal_vault_2, iron_vault_2, final_vault]

Skill      XL: |  1  2  3  4  5  6 |
---------------+-------------------+-----
Fighting       | 6 8 |  8.9
Axes           | 7 9 |  9.7
Spellcasting   | 3 4 5 |  5.1
Fire Magic     | 6 7 8 |  8.1

Action                     |  1- 3 |  4- 6 || total
---------------------------+-------+-------++-------
  Melee: Hand axe          |       |    38 ||    38
 Invoke: Foxfire Swarm     |     2 |     3 ||     5
         Fiery Armour      |     1 |       ||     1
    Use: Scroll            |       |     1 ||     1
         Potion            |       |     1 ||     1
 Armour: Robe              |     2 |     3 ||     5
  Dodge: Dodged            |     1 |    19 ||    20

Table legend: (Time is in decaauts)
 A = Elapsed time spent in this place.
 B = Non-inter-level travel time spent in this place.
 C = Inter-level travel time spent in this place.
 D = Time resting spent in this place.
 E = Time spent auto-exploring this place.
 F = Levels seen in this place.
 G = Mean time per level.
                   A        B        C        D        E       F      G
               +--------+--------+--------+--------+--------+-----+--------+
         Total |    288 |    288 |      0 |    146 |      0 |   1 |  288.0 |
       Dungeon |    288 |    288 |      0 |    146 |      0 |   1 |  288.0 |
               +--------+--------+--------+--------+--------+-----+--------+

Top non-repeatable levels by time:
       D: 288 daAuts
